 Dungeon Crawl Stone Soup version 0.31.0-9-g3a7656b989 (webtiles) character file.

Game seed: 10353433320919562759

65 qw the Shooter (level 3, 0/18 HPs)
             Began as a Spriggan Hunter on Feb 2, 2024.
             Frozen to death by an endoplasm (5 damage)
             ... on level 2 of the Dungeon.
             The game lasted 00:00:03 (1167 turns).

qw the Shooter (Spriggan Hunter)                    Turns: 1167, Time: 00:00:04

Health: 0/18       AC:  2    Str:  7    XL:     3   Next: 94%
Magic:  4/4        EV: 19    Int: 10    God:
Gold:   89         SH:  0    Dex: 20    Spells: 2/2 levels left

rFire   . . .        a - +0 shortbow
rCold   . . .        (shield currently unavailable)
rNeg    . . .        c - +0 robe
rPois   .            (helmet restricted)
rElec   .            (no cloak)
rCorr   .            (gloves unavailable)
SInv    +            (boots unavailable)
Will    .....        (no amulet)
Stlth   ++           (no ring)
HPRegen 0.23/turn    (no ring)
MPRegen 0.09/turn

%: no passive effects
@: lethally poisoned (0 -> -2), very quick
A: very small, no large weapons, unfitting armour, see invisible, speed 3
a: no special abilities


You were on level 2 of the Dungeon.
You visited 1 branch of the dungeon, and saw 2 of its levels.

You collected 89 gold pieces.


Innate Abilities, Weirdness & Mutations

You are very small and have problems with some larger weapons.
You are too small for most types of armour.
You have supernaturally acute eyesight. (SInv)
You cover ground extremely quickly. (Speed+++)


   Skills:
 - Level 1.5 Fighting
 - Level 5.0 Ranged Weapons
 + Level 4.2 Dodging
 - Level 1.5 Stealth


You had 2 spell levels left.
You didn't know any spells.
Your spell library was empty.

Inventory:

Hand Weapons
 a - a +0 shortbow (weapon)
Armour
 c - a +0 robe (worn)
Jewellery
 d - a ring of ice
Scrolls
 e - 2 scrolls of identify
 h - 3 scrolls of teleportation {unknown}
Potions
 b - a potion of cancellation {unknown}
 f - a potion of might
 g - a potion of attraction {unknown}
 i - a potion of heal wounds {unknown}
 j - a potion of curing {unknown}

Dungeon Overview and Level Annotations

Branches:
Dungeon (2/15)

Altars:


Message History

The bat is severely wounded.
You hear an angry hiss.
The bat misses you.
You shoot an arrow. The arrow hits the bat.
You kill the bat!
The adder barely misses you.
You shoot an arrow. The arrow hits the adder.
The adder is moderately wounded.
The adder barely misses you. x2
You shoot an arrow. The arrow hits the adder.
The adder is heavily wounded.
The adder bites you. The endoplasm misses you.
You shoot an arrow. The arrow closely misses the adder.
The adder closely misses you. The endoplasm completely misses you.
You shoot an arrow.
The arrow hits the adder but does no damage.
The adder is heavily wounded.
The adder completely misses you. The endoplasm misses you.
The adder completely misses you.
You shoot an arrow. The arrow misses the adder.
The adder misses you. The endoplasm closely misses you.
You shoot an arrow. The arrow misses the adder.
The adder misses you. The endoplasm freezes you.
You are frozen.
The adder bites you.
You shoot an arrow. The arrow misses the adder.
The adder bites you.
The endoplasm hits you but does no damage.
The adder bites you.
You are poisoned.
The adder poisons you!
You shoot an arrow. The arrow barely misses the adder.
You feel sick. The endoplasm closely misses you. The adder bites you.
The endoplasm freezes you.
You are frozen.
You shoot an arrow. The arrow closely misses the adder.
You feel sick. The adder misses you. The endoplasm freezes you.
You are frozen.
You die...

#...##
#.#..
#.#.## # #
#.#.. .#
#.#... $#
#.#..#)##
#..JS..[#
... #@# ...
#.# #.. #.#
#.. #.# #..
#.# #.. #.#
#.. #.#
#########..
#.#
#..........
#.#
#.###......


You could see an adder and an endoplasm.

Vanquished Creatures
  An adder (D:2)
  A ribbon worm (D:2)
  5 endoplasms
  4 giant cockroaches
  5 goblins
  7 hobgoblins
  3 jackals (D:1)
  6 kobolds
  9 ball pythons
  2 bats
  A frilled lizard (D:1)
  4 rats
48 creatures vanquished.

Notes
Turn   | Place    | Note
-------+----------+-------------------------------------------
     0 | D:1      | qw the Spriggan Hunter began the quest for the Orb.
     0 | D:1      | Reached XP level 1. HP: 10/10 MP: 2/2
     0 | D:1      | 0 ||| qw: Version: 0.3-a-155-g5e7d8dd
     0 | D:1      | 0 ||| qw: Game counter: 396
     0 | D:1      | 0 ||| qw: Melee chars always use a shield: true
     0 | D:1      | 0 ||| qw: God list: Okawaru
     0 | D:1      | 0 ||| qw: Allow faded altars: false
     0 | D:1      | 0 ||| qw: Do Orc after clearing Dungeon:15 true
     0 | D:1      | 0 ||| qw: Do second Lair branch before Depths: true
     0 | D:1      | 0 ||| qw: Lair rune preference: random
     0 | D:1      | 0 ||| qw: Goals: Normal
     0 | D:1      | 0 ||| PLANNING D:1-11
    20 | D:1      | Reached skill level 3 in Dodging
    57 | D:1      | Reached XP level 2. HP: 6/14 MP: 3/3
   390 | D:1      | Reached XP level 3. HP: 18/18 MP: 4/4
   442 | D:1      | Found a faded altar of an unknown god.
   737 | D:1      | 737 ||| READING scroll labelled EBLOYTHROCOI.
   737 | D:1      | Identified a scroll of acquirement
   737 | D:1      | 737 ||| ACQUIRING ring of ice
   737 | D:1      | Acquired a ring of ice
   741 | D:1      | 741 ||| READING 3 scrolls labelled INAUHO KUOT.
   741 | D:1      | 741 ||| IDENTIFYING blue potion
   742 | D:1      | 742 ||| READING 2 scrolls of identify.
   742 | D:1      | 742 ||| IDENTIFYING scroll labelled PENILA ZALUITHI
   743 | D:1      | 743 ||| DROPPING scroll of butterflies.
   744 | D:1      | 744 ||| DROPPING scroll of fog.
   980 | D:2      | Reached skill level 5 in Ranged Weapons
  1167 | D:2      | Frozen to death by an endoplasm

Levels and vault maps discovered:
D:1:      lightli_molten_gateway, layout_loops_ring,
          shapermc_ecumenical_altar_mp_ritualfount, minmay_small_reverse_x
D:2:      layout_loops_ring, minmay_tall_x

Skill      XL: |  1  2  3 |
---------------+----------+-----
Dodging        | 3 4 |  4.2
Ranged Weapons | 5 |  5.0
Fighting       | |  1.5
Stealth        | |  1.5

Action                     || total
---------------------------++-------
   Fire: Shortbow          ||   119
    Use: Scroll            ||     3
 Armour: Robe              ||    15
  Dodge: Dodged            ||    45

Table legend:
 A = Non-vault XP
 B = Vault XP
 C = Vault XP percentage of total XP
 D = Non-vault monster count
 E = Vault monster count
 F = Vault count percentage of total count
                 A         B        C        D         E       F
            +---------+---------+-------+---------+---------+-------
      Total |      85 |       9 |   9.6 |      42 |       6 |  12.5
            +---------+---------+-------+---------+---------+-------
        D:1 |      40 |       7 |  14.9 |      23 |       4 |  14.8
        D:2 |      45 |       2 |   4.3 |      19 |       2 |   9.5
            +---------+---------+-------+---------+---------+-------
